Map: Proxima Station LE

Players

Optimus - Winner!

  • Race: Terran Terran
  • Spawn Location: 1:00

Cloudy

  • Race: Protoss Protoss
  • Spawn Location: 7:00

Event: WCS Valencia 2017

VOD

Have the link to the VOD?

Description

Time

  • Played on: July 13, 2017, 7:14 a.m.
  • Length: 11:28

All games in this series

Show
View Real Time Build Order
Export as new Build Order

Optimus Terran - Winner!

Build Orders: Reaper Expand, MMM Bio 

Get SALT Encoding   

  12  0:00  SCV  
  13  0:12  SCV  
  14  0:17  Supply Depot  
  14  0:24  SCV  
  15  0:29  Refinery  
  15  0:39  SCV  
  16  0:44  Barracks  
  16  0:51  SCV  
  17  1:03  SCV  
  18  1:15  SCV  
  19  1:31  Orbital Command  
  19  1:32  Reaper  
  20  1:45  Command Center  
  20  1:56  Factory  
  20  2:00  SCV  
  21  2:05  Barracks Reactor  
  21  2:08  Refinery  
  21  2:13  SCV  
  22  2:19  Supply Depot  
  22  2:25  SCV  
  23  2:41  SCV  
  24  2:44  Starport  
  24  2:50  Widow Mine x2  
  24  2:51  Marine  
  28  2:53  SCV  
  30  3:01  Orbital Command  
  30  3:08  SCV  
  31  3:14  Marine  
  31  3:19  Widow Mine  
  32  3:20  SCV, Widow Mine  
  37  3:31  Medivac  
  40  3:37  SCV  
  40  3:40  Supply Depot  
  40  3:41  Marine  
  41  3:46  SCV  
  41  3:48  Widow Mine  
  42  3:49  Widow Mine  
  42  3:54  SCV  
  46  4:01  Marine, SCV, Viking  
  50  4:06  SCV, Supply Depot  
  51  4:14  SCV  
  52  4:24  SCV  
  53  4:25  Command Center  
  53  4:26  SCV  
  53  4:30  Marine x2  
  56  4:35  Supply Depot  
  56  4:36  SCV  
  56  4:38  SCV  
  58  4:43  Starport Reactor  
  58  4:45  Factory Tech Lab  
  58  4:46  Barracks x2  
  58  4:48  Marine x2  
  58  4:51  SCV  
  61  4:54  SCV, Refinery  
  62  5:03  SCV  
  62  5:06  SCV  
  62  5:15  SCV  
  62  5:16  Barracks  
  62  5:17  Barracks  
  62  5:18  SCV, Supply Depot  
  64  5:29  SCV, Factory Reactor  
  64  5:30  SCV, Engineering Bay x2  
  64  5:34  Starport Reactor  
  64  5:35  Marine  
  64  5:40  Orbital Command  
  64  5:41  SCV  
  64  5:43  Marine  
  64  5:44  Marine  
  66  5:50  Marine x2  
  66  5:52  Stimpack  
  69  5:59  Terran Infantry Weapons Level 1  
  69  6:00  Refinery  
  69  6:01  Terran Infantry Armor Level 1  
  69  6:03  SCV x2  
  70  6:06  Barracks Tech Lab  
  70  6:09  Barracks Tech Lab  
  70  6:11  Orbital Command  
  70  6:12  Marine, Supply Depot  
  70  6:13  Marine x2  
  70  6:15  SCV x2  
  70  6:18  Marine x2  
  77  6:22  Medivac x2  
  81  6:27  SCV, Widow Mine x2  
  81  6:28  Combat Shields  
  86  6:34  SCV  
  86  6:35  Marine x2  
  86  6:36  Marine  
  86  6:38  SCV  
  86  6:39  SCV  
  92  6:41  Marauder  
  92  6:43  Marauder  
  92  6:45  Supply Depot  
  92  6:46  Concussive Shells  
  92  6:47  Marine  
  96  6:51  Marauder  
  96  6:52  SCV  
  100  7:00  Supply Depot  
  100  7:02  Supply Depot  
  100  7:03  SCV  
  100  7:07  Marauder, SCV x2, Medivac x2  
  109  7:13  Refinery  
  109  7:14  Supply Depot  
  109  7:21  Marine x4  
  109  7:22  SCV  
  114  7:24  SCV  
  114  7:25  Barracks  
  114  7:27  Barracks  
  115  7:30  Barracks  
  115  7:32  SCV  
  115  7:34  Marine, SCV  
  115  7:35  Widow Mine x2  
  115  7:36  SCV  
  124  7:44  Marauder x2, Marine x2  
  124  7:50  Armory, Supply Depot  
  127  7:54  SCV  
  127  7:55  SCV  
  127  7:57  Supply Depot  
  125  8:01  Medivac x2  
  125  8:02  Marauder  
  125  8:04  Widow Mine x2  
  133  8:11  Supply Depot x2  
  133  8:12  Marauder x2, SCV  
  139  8:16  SCV, Supply Depot  
  139  8:17  Marine  
  139  8:18  Marine  
  139  8:19  Barracks Tech Lab x3  
  142  8:23  Supply Depot  
  141  8:31  Marauder, Medivac x2  
  141  8:32  Widow Mine x2  
  141  8:33  Marauder x2  
  155  8:35  Marine  
  155  8:36  Marine  
  157  8:42  Marauder  
  157  8:43  Marauder  
  157  8:48  Terran Infantry Armor Level 2, Terran Infantry Weapons Level 2  
  161  8:50  Marauder  
  161  8:52  Marauder  
  161  8:53  Marine x2  
  167  8:57  Marauder  
  167  8:58  Marauder, Marine  
  167  8:59  Marine  
  172  9:03  Supply Depot  
  172  9:04  Marauder, Marine  
  172  9:08  Medivac x2  
  179  9:12  Widow Mine  
  179  9:13  Widow Mine  
  179  9:15  Marine  
  179  9:16  Marine  
  180  9:18  Marauder  
  180  9:22  Marauder x3  
  177  9:29  Marauder x2  
  174  9:37  SCV x2  
  174  9:38  Medivac  
  170  9:39  Marauder  
  170  9:43  Marauder x2, Medivac  
  170  9:44  Marauder  
  170  9:45  Marine x2  
  177  9:46  SCV  
  170  9:54  Marine  
  170  9:55  Marine  
  164  10:00  Marine, Widow Mine x2  
  167  10:07  Marauder x4  
  167  10:08  Marauder  
  167  10:12  Liberator  
  177  10:16  Marine x2  
  177  10:17  Liberator, Marine x2  
  177  10:23  Marauder  
  177  10:24  Command Center  
  177  10:28  Marine x2  
  185  10:36  Marauder x2  
  189  10:46  Marauder  
  189  10:47  Marine  
  189  10:48  Marine  
  188  10:51  Marauder  
  188  10:52  Marine x2  
  188  10:59  Supply Depot  
  188  11:00  Marauder, Supply Depot  
  188  11:01  Marauder  
  188  11:02  Marauder  
  188  11:06  Marauder  
Show
View Real Time Build Order
Export as new Build Order

Cloudy Protoss 

Build Orders: 1 Gate Expand, Phoenix Opening 

Get SALT Encoding   

  12  0:01  Probe (Chrono Boost)  
  13  0:12  Probe (Chrono Boost)  
  14  0:18  Pylon  
  14  0:22  Probe (Chrono Boost)  
  15  0:37  Probe (Chrono Boost), Gateway  
  16  0:44  Assimilator  
  16  0:47  Probe (Chrono Boost)  
  17  0:58  Probe (Chrono Boost)  
  18  1:08  Probe (Chrono Boost)  
  19  1:22  Nexus  
  19  1:31  Cybernetics Core  
  19  1:35  Probe (Chrono Boost)  
  20  1:41  Assimilator  
  20  1:45  Probe (Chrono Boost)  
  21  1:50  Pylon  
  21  1:56  Probe (Chrono Boost)  
  22  2:06  Probe (Chrono Boost)  
  23  2:09  Adept (Chrono Boost)  
  25  2:18  Warp Gate  
  25  2:19  Probe  
  26  2:26  Stargate  
  26  2:31  Probe  
  26  2:36  Adept (Chrono Boost)  
  29  2:43  Probe (Chrono Boost)  
  29  2:44  Probe (Chrono Boost)  
  31  2:54  Probe (Chrono Boost)  
  31  2:55  Probe (Chrono Boost)  
  33  3:05  Probe x2 (Chrono Boost)  
  35  3:07  Robotics Facility  
  35  3:13  Phoenix (Chrono Boost)  
  35  3:14  Probe  
  35  3:16  Probe  
  38  3:28  Probe (Chrono Boost), Adept  
  38  3:32  Pylon  
  38  3:33  Mothership Core (Chrono Boost)  
  44  3:41  Probe (Chrono Boost)  
  44  3:45  Phoenix  
  44  3:51  Probe (Chrono Boost)  
  44  3:53  Probe (Chrono Boost)  
  48  4:02  Probe (Chrono Boost)  
  49  4:05  Probe (Chrono Boost)  
  49  4:06  Observer  
  49  4:08  Nexus  
  51  4:11  Pylon  
  51  4:12  Probe (Chrono Boost)  
  52  4:19  Probe (Chrono Boost)  
  52  4:23  Probe (Chrono Boost)  
  54  4:26  Phoenix  
  57  4:31  Probe (Chrono Boost)  
  57  4:33  Probe (Chrono Boost)  
  57  4:34  Gateway  
  57  4:35  Observer  
  57  4:36  Gateway  
  58  4:43  Probe (Chrono Boost), Assimilator  
  58  4:44  Probe (Chrono Boost)  
  60  4:45  Assimilator  
  60  4:54  Probe (Chrono Boost)  
  60  4:55  Probe (Chrono Boost)  
  62  5:03  Pylon  
  62  5:07  Phoenix  
  62  5:08  Probe (Chrono Boost)  
  62  5:09  Probe (Chrono Boost)  
  60  5:19  Probe (Chrono Boost)  
  62  5:21  Probe (Chrono Boost)  
  62  5:24  Probe (Chrono Boost)  
  63  5:29  Probe (Chrono Boost), Phoenix  
  63  5:34  Probe (Chrono Boost)  
  63  5:35  Probe (Chrono Boost)  
  68  5:40  Probe (Chrono Boost)  
  69  5:45  Probe (Chrono Boost)  
  69  5:46  Probe (Chrono Boost)  
  71  5:50  Probe (Chrono Boost)  
  71  5:52  Forge  
  71  5:55  Pylon, Twilight Council  
  71  5:56  Probe (Chrono Boost)  
  74  5:58  Probe (Chrono Boost)  
  74  6:07  Gateway x2  
  74  6:08  Gateway  
  74  6:09  Probe (Chrono Boost)  
  74  6:10  Probe (Chrono Boost)  
  76  6:12  Pylon  
  76  6:13  Sentry  
  76  6:14  Adept  
  80  6:23  Gateway  
  80  6:24  Resonating Glaives  
  80  6:27  Pylon, Gateway  
  80  6:38  Protoss Ground Weapons Level 1 (Chrono Boost)  
  81  6:40  Observer, Probe  
  81  6:42  Probe x2  
  81  6:43  Sentry  
  85  6:47  Pylon  
  85  6:54  Photon Cannon  
  85  7:00  Adept x2  
  89  7:01  Pylon  
  89  7:04  Pylon  
  89  7:05  Pylon  
  89  7:15  Probe, Adept x4  
  97  7:16  Probe x2  
  97  7:18  Assimilator  
  97  7:21  Adept x2  
  104  7:23  Assimilator  
  104  7:24  Pylon, Phoenix  
  104  7:28  Probe  
  107  7:30  Photon Cannon, Warp Prism  
  109  7:47  Adept x7  
  123  8:00  Probe  
  123  8:01  Probe, Blink  
  125  8:06  Robotics Bay  
  125  8:07  Robotics Facility  
  125  8:09  Pylon  
  125  8:15  Observer (Chrono Boost)  
  125  8:16  Pylon  
  125  8:18  Pylon  
  126  8:21  Pylon  
  125  8:36  Adept x8  
  141  8:57  Extended Thermal Lance  
  138  9:10  Adept x8  
  138  9:12  Nexus  
  152  9:25  Colossus (Chrono Boost)  
  152  9:30  Protoss Ground Armor Level 1  
  162  9:32  Colossus (Chrono Boost)  
  150  9:40  Pylon  
  150  9:41  Pylon  
  144  9:48  Forge  
  137  9:55  Adept x8  
  143  10:12  Colossus (Chrono Boost)  
  143  10:13  Nexus  
  149  10:22  Pylon  
  149  10:38  Adept x5  
  149  10:39  Adept x3  
  165  10:47  Probe x2  
Tags
 
Add a new tag
Caveats
  • Supply blocks, unpowered buildings, or Contaminate may cause inaccurate times.
  • Supply counts are checked every 10 seconds.